 Dungeon Crawl Stone Soup version 0.20.1-1-g8b1a95d (webtiles) character file.

43 jmlagarto the Covered (level 3, -8/33 HPs)
             Began as a Minotaur Fighter on Aug 4, 2017.
             Mangled by Sigmund
             ... wielding a +0 scythe
              (9 damage)
             ... on level 2 of the Dungeon on Aug 6, 2017.
             The game lasted 00:10:22 (1966 turns).

jmlagarto the Covered (Minotaur Fighter)            Turns: 1966, Time: 00:10:23

Health: -8/33      AC:  7    Str: 21    XL:     3   Next: 37%
Magic:  2/2        EV: 13    Int: 10    God:
Gold:   119        SH: 10    Dex: 14    Spells: 2/2 levels left

rFire    . . .     SeeInvis .   a - +0 flail
rCold    . . .     Gourm    .   c - +0 shield
rNeg     . . .     Faith    .   b - +0 scale mail
rPois    .         Spirit   .   (helmet restricted)
rElec    .         Reflect  .   (no cloak)
rCorr    .         Harm     .   (no gloves)
MR       .....                  (no boots)
Stlth    +.........             (no amulet)
Regen    0.2/turn               (no ring)
MPRegen  0.1/turn               (no ring)

@: brilliant, agile
A: retaliatory headbutt, horns 2
a: no special abilities


You were on level 2 of the Dungeon.
You were not hungry.

You visited 1 branch of the dungeon, and saw 2 of its levels.

You collected 119 gold pieces.

Inventory:

Hand Weapons
 a - a +0 flail (weapon)
 g - a +0 dagger
 h - a +0 spear
 i - a +0 club
 k - a +0 whip
 n - a +0 club
 o - a +0 dagger
 r - a +0 whip
 s - a +0 club
 w - a +0 club
 x - a +0 whip
 y - a +0 short sword
Missiles
 e - 18 arrows
 j - 19 bolts
 p - 72 stones (quivered)
Armour
 b - a +0 scale mail (worn)
 c - a +0 shield (worn)
 q - a +0 robe
 t - a +0 leather armour
 z - a +0 leather armour
Jewellery
 B - an uncursed amulet of magic regeneration {unknown}
Wands
 A - a wand of polymorph (12/24)
Scrolls
 l - 2 scrolls of immolation {unknown}
Potions
 m - a potion of flight {unknown}
Comestibles
 f - 3 bread rations
 u - 2 royal jellies
 C - 2 chunks of flesh


   Skills:
 + Level 3.9 Fighting
 + Level 3.2 Maces & Flails
 + Level 4.3 Armour
 + Level 1.0 Dodging
 + Level 3.8 Shields


You had 2 spell levels left.
You didn't know any spells.

Dungeon Overview and Level Annotations

Branches:
Dungeon (2/15)

Altars:

Annotations:
D:2 Jessica, Sigmund


Innate Abilities, Weirdness & Mutations

You reflexively headbutt those who attack you in melee.
You have a pair of horns on your head.


Message History

The leopard gecko bites you.
The leopard gecko bites you but does no damage.
Something hits you.
* * * LOW HITPOINT WARNING * * *
It was a potion of brilliance.
You feel clever all of a sudden.
The leopard gecko bites you but does no damage.
It was a potion of agility.
You feel agile all of a sudden.
The leopard gecko bites you but does no damage.
Something hits you but does no damage.
Your shield and scale mail prevent you from hitting the leopard gecko.
The leopard gecko is heavily wounded.
The leopard gecko closely misses you. Something hits you.
* * * LOW HITPOINT WARNING * * *
You block the leopard gecko's attack.
You sock the leopard gecko!
You kill the leopard gecko!
Something hits you!
You die...

#.........#.#
#.....#
#.........#.#.#
..
###########.#)#
.#### #.#.#
....# ### #.#.#
....#
...##.#.##....#
#.#..........#
#......##....#..
#.....@@{.!.....
#......#w(......
#......#........
#......#........
#......#........
#......#........
#......#........
#......#####....
#.....##


You could see a dart slug and Jessica.

Vanquished Creatures
  An adder (D:2)
  A gnoll (D:1)
  2 leopard geckos
  2 ball pythons (D:1)
  4 goblins
  3 hobgoblins (D:1)
  4 bats (D:1)
  3 frilled lizards
  3 kobolds
  2 rats (D:1)
25 creatures vanquished.

Notes
Turn   | Place    | Note
-------+----------+-------------------------------------------
     0 | D:1      | jmlagarto the Minotaur Fighter began the quest for the Orb.
     0 | D:1      | Reached XP level 1. HP: 19/19 MP: 0/0
   349 | D:1      | Reached skill level 4 in Armour
   421 | D:1      | Reached XP level 2. HP: 20/27 MP: 1/1
  1343 | D:1      | Reached skill level 1 in Dodging
  1343 | D:1      | Reached XP level 3. HP: 31/33 MP: 2/2
  1949 | D:2      | Noticed Sigmund
  1950 | D:2      | Noticed Jessica
  1965 | D:2      | HP: 1/33 [something (6)]
  1966 | D:2      | Mangled by Sigmund

Skill      XL: |  1  2  3 |
---------------+----------+-----
Armour         | 4 |  4.3
Dodging        | 1 |  1.0
Maces & Flails | 3 |  3.2
Fighting       | |  3.9
Shields        | |  3.8

Action                   || total
-------------------------++-------
Melee: Flail             ||    96
       Headbutt          ||     9
  Use: Potion            ||     2
  Eat: Chunk             ||     3
Armor: Scale mail        ||    55
Dodge: Dodged            ||    40
Block: Shield            ||    62
